 Dungeon Crawl Stone Soup version 0.20.0-1-g1cb1d84 (console) character file.

74 removed the Shooter (level 4, 0/24 HPs)
             Began as a Deep Elf Arcane Marksman on May 26, 2017.
             Slain by a worm (4 damage)
             ... on level 2 of the Dungeon.
             The game lasted 00:03:53 (2082 turns).

removed the Shooter (Deep Elf Arcane Marksman)      Turns: 2082, Time: 00:03:54

Health: 0/24       AC:  4    Str:  7    XL:     4   Next: 10%
Magic:  8/8        EV: 13    Int: 19    God:
Gold:   95         SH:  0    Dex: 15    Spells: 5/6 levels left

rFire    . . .     SeeInvis .   b - +0 spear
rCold    . . .     Gourm    .   (no shield)
rNeg     . . .     Faith    .   e - +0 robe
rPois    .         Spirit   .   m - +0 helmet
rElec    .         Reflect  .   h - +0 cloak
rCorr    .         Harm     .   (no gloves)
MR       .....                  (no boots)
Stlth    +.........             (no amulet)
Regen    0.1/turn               (no ring)
MPRegen  0.2/turn               (no ring)

@: no status effects
A: no striking features
a: no special abilities


You were on level 2 of the Dungeon.
You were hungry.

You visited 1 branch of the dungeon, and saw 2 of its levels.

You collected 95 gold pieces.

Inventory:

Hand Weapons
 a - a +0 shortbow
 b - a +0 spear (weapon)
 l - a +0 dagger
Missiles
 d - an arrow
Armour
 e - a +0 robe (worn)
 h - a +0 cloak (worn)
 m - a +0 helmet (worn)
Jewellery
 y - an uncursed amulet of rage {unknown}
Scrolls
 g - a scroll of fog {unknown}
 k - 4 scrolls of identify {unknown}
 u - a scroll of fear {unknown}
 z - a scroll of remove curse {unknown}
Potions
 o - a potion of haste {unknown}
 q - a potion of agility {unknown}
 t - a potion of degeneration {unknown}
 w - a potion of brilliance
 x - a potion of magic {unknown}
Books
 c - a book of Debilitation

   Spells                             Type                      Level
   a - Corona                         Hexes                        1
   b - Slow                           Hexes                        2
   c - Inner Flame                    Hexes/Fire                   3
   d - Portal Projectile              Hexes/Translocation          3
   e - Cause Fear                     Hexes                        4
   f - Leda's Liquefaction            Hexes/Earth                  4
Comestibles
 f - 2 bread rations
 p - 2 royal jellies
 s - 5 fruits
 v - a chunk of flesh


   Skills:
 - Level 0.7 Fighting
 + Level 4.9 Bows
 - Level 2.4 Dodging
 - Level 1.5 Spellcasting
 - Level 4.0 Hexes


You had 5 spell levels left.
You knew the following spells:

 Your Spells              Type           Power        Failure   Level  Hunger
a - Corona                Hex            ###....      3%          1    ##.....


Dungeon Overview and Level Annotations

Branches:
Dungeon (2/15)

Altars:

Annotations:
D:2 exclusion: adder, Robin


Message History

You are too injured to fight recklessly!
You barely miss the worm.
The worm is severely wounded.
You are too injured to fight recklessly!
You barely miss the worm.
The worm is severely wounded.
The worm closely misses you.
Some of the chunks of flesh in your inventory have rotted away.
You are too injured to fight recklessly!
You hit the worm but do no damage.
The worm is severely wounded.
The worm bites you.
* * * LOW HITPOINT WARNING * * *
You barely miss the worm.
The worm is heavily wounded.
You are too injured to fight recklessly!
You hit the worm.
The worm is severely wounded.
The worm bites you.
You die...

...%.S# #.......#
#...# # #.#.....#
#.## # #.##....# #.#
# # ##.#.# ##.## #
######(##....###.#.#
#
#.........#.....###.
.
##..######>...###.#.#
#
#............†####.##
#.#.@w((...(.........
#....##########.##.##
###..# #.##.# #..#
#.##.# #..# #.##.#
#..# #.##.# #..#
#.##.# ### #..#
#.##.# ... #..####
#.##.#


You could see a worm.

Vanquished Creatures
  2 adders (D:2)
  3 dart slugs (D:1)
  A leopard gecko (D:2)
  6 bats
  4 giant cockroaches
  12 goblins
  5 hobgoblins
  3 jackals (D:2)
  2 frilled lizards (D:2)
  3 kobolds (D:1)
  5 rats
46 creatures vanquished.

Notes
Turn   | Place    | Note
-------+----------+-------------------------------------------
     0 | D:1      | removed the Deep Elf Arcane Marksman began the quest for the Orb.
     0 | D:1      | Reached XP level 1. HP: 11/11 MP: 5/5
   237 | D:1      | Reached XP level 2. HP: 16/16 MP: 6/6
  1087 | D:2      | Reached XP level 3. HP: 20/20 MP: 7/7
  1562 | D:2      | Noticed Robin
  1881 | D:2      | Reached XP level 4. HP: 18/24 MP: 6/8
  2082 | D:2      | Slain by a worm

Skill      XL: |  1  2  3 |
---------------+----------+-----
Bows           | 3 4 |  4.9
Fighting       | |  0.7
Dodging        | |  2.4
Spellcasting   | |  1.5
Hexes          | |  4.0

Action                   |  1- 3 |  4- 6 || total
-------------------------+-------+-------++-------
Melee: Spear             |    80 |    44 ||   124
 Fire: Shortbow          |   111 |    10 ||   121
Throw: Throwing net      |     3 |       ||     3
 Cast: Corona            |     4 |     3 ||     7
  Use: Potion            |     2 |       ||     2
  Eat: Chunk             |     3 |       ||     3
Armor: Robe              |    38 |     5 ||    43
Dodge: Dodged            |    88 |    12 ||   100
